[Event "ICC Open 2015"]
[Site "Internet Chess Club"]
[Date "2015.05.30"]
[Round "7"]
[White "nikenwidiartto"]
[Black "Ricardov"]
[Result "0-1"]
[ICCResult "White forfeits on time"]
[WhiteElo "1833"]
[BlackElo "2333"]
[Opening "Sicilian: Kan, 5.Nc3"]
[ECO "B43"]
[NIC "SI.44"]
[Time "20:05:14"]
[TimeControl "180+0"]

1. e4 c5 2. Nc3 a6 3. Nf3 e6 4. d4 cxd4 5. Nxd4 Qc7 6. Be3 Nf6 7. Be2 Bc5 8.
Qd2 b5 9. O-O b4 10. Na4 Nxe4 11. Qd3 Bb7 12. f3 Bxd4 13. Bxd4 Nf6 14. Bc5
Nc6 15. Nb6 Rd8 16. Nc4 Ne5 17. Nd6+ Kf8 18. Nxb7+ Kg8 19. Qd6 Qxb7 20. Qxe5
d6 21. Qd4 e5 22. Qxb4 Qc6 23. Rad1 Nd5 24. Rxd5 Qxd5 25. Be3 Qc6 26. c3 h5
27. Rd1 h4 28. Qc4 Qe8 29. Qxa6 d5 30. Qb5 Qe6 31. Qb6 Rd6 32. Qc5 h3 33. g3
Rh5 34. f4 Rh7 35. Bf3 e4 36. Be2 f5 37. Bd4 Kf7 38. Be5 Rd7 39. c4 d4 40.
Qb4 g5 41. c5 d3 42. Bxd3 exd3 43. c6 Re7 44. a4 Kg6 45. c7 Rxc7 46. a5 Rc6
{White forfeits on time}
0-1

[Event "ICC Open 2015"]
[Site "Internet Chess Club"]
[Date "2015.05.30"]
[Round "7"]
[White "Muad-dib"]
[Black "truufseir"]
[Result "1-0"]
[ICCResult "Black forfeits on time"]
[WhiteElo "1964"]
[BlackElo "1643"]
[Opening "KGA: Kieseritsky, Kolisch defense"]
[ECO "C39"]
[NIC "KG.01"]
[Time "20:06:13"]
[TimeControl "180+0"]

1. e4 e5 2. f4 exf4 3. Nf3 g5 4. h4 g4 5. Ne5 d6 6. Nxg4 Be7 7. h5 Bh4+ 8.
Nf2 Bg3 9. d4 Nf6 10. Nc3 Qe7 11. Bd3 Bg4 12. Qd2 Nc6 13. O-O Nxh5 14. Nxg4
Qh4 15. Be2 O-O-O 16. Nd5 Rhg8 17. Nxf4 Rxg4 18. Nh3 Rxe4 19. Bxh5 Qxh5 20.
Qg5 Qxg5 21. Nxg5 Rxd4 22. Nxf7 Rf8 23. Nxd6+ Bxd6 24. Rxf8+ Bxf8 25. Be3
Re4 26. Bg5 Bc5+ 27. Kh2 Rg4 28. Bd2 h5 29. Rf1 Bd6+ 30. Kg1 Bc5+ 31. Kh2
Bd6+ 32. Kg1 Bc5+ 33. Kh2 Ne5 34. Rf5 Bd6 35. Kg1 Rd4 36. Bc3 Rd1+ 37. Kf2
Ng4+ 38. Ke2 Rg1 39. Rxh5 Rxg2+ 40. Kf3 Rg1 41. Ke2 Kd7 42. a3 Kc6 43. b4 b5
44. Bd4 Rg2+ 45. Kf3 Rg3+ 46. Ke2 a6 47. c3 Bf4 48. Rh7 Bd6 49. Rh6 Rg2+ 50.
Kf3 Rg3+ 51. Ke4 Rg2 52. Kf5 {Black forfeits on time} 1-0

[Event "ICC Open 2015"]
[Site "Internet Chess Club"]
[Date "2015.05.30"]
[Round "7"]
[White "bennywins"]
[Black "Kyekerz"]
[Result "1-0"]
[ICCResult "Black forfeits on time"]
[WhiteElo "1169"]
[BlackElo "1238"]
[Opening "Scandinavian (center counter) defense"]
[ECO "B01"]
[NIC "VO.17"]
[Time "20:06:05"]
[TimeControl "180+0"]

1. e4 d5 2. e5 Nc6 3. d4 f6 4. Nf3 fxe5 5. dxe5 Nf6 6. exf6 gxf6 7. Be3 Bg4
8. Be2 e5 9. h3 Bh5 10. Nfd2 Bf7 11. Bh5 Qe7 12. Bxf7+ Qxf7 13. Qf3 O-O-O
14. O-O d4 15. Bg5 Rg8 16. Qxf6 Qxf6 17. Bxf6 Rd6 18. Bh4 Rdg6 19. Bg3 h6
20. Nf3 Bd6 21. Re1 Re8 22. c3 d3 23. Rd1 e4 24. Nd4 Nxd4 25. cxd4 Bxg3 26.
fxg3 Rxg3 27. Nc3 Re3 28. Re1 Rxe1+ 29. Rxe1 d2 30. Rd1 e3 31. Kf1 Rf8+ 32.
Ke2 Rf2+ 33. Kxe3 Rxg2 34. Rxd2 Rg3+ 35. Ke2 Rxh3 36. Rd3 Rh2+ 37. Kd1 Rxb2
38. Rh3 Rb6 39. d5 Kd7 40. Rg3 Rf6 41. Rg7+ Kd6 42. Rg8 Rf1+ 43. Ke2 Rh1 44.
Rc8 h5 45. Rd8+ Kc5 46. Ne4+ Kd4 47. d6 cxd6 48. Nxd6 Ke5 49. Nf7+ Kf6 50.
Nd6 Rh2+ 51. Kf3 Rxa2 52. Nxb7 Ra3+ 53. Ke2 h4 54. Rd6+ Ke5 55. Rd3 h3 56.
Rd1 h2 57. Rh1 Ra2+ 58. Kf3 {Black forfeits on time} 1-0

[Event "ICC Open 2015"]
[Site "Internet Chess Club"]
[Date "2015.05.30"]
[Round "7"]
[White "unkavalo"]
[Black "paulleon"]
[Result "1-0"]
[ICCResult "Black resigns"]
[WhiteElo "2545"]
[BlackElo "2088"]
[Opening "English opening"]
[ECO "A13"]
[NIC "RE.09"]
[Time "20:05:21"]
[TimeControl "180+0"]

1. c4 e6 2. g3 Nf6 3. Bg2 Be7 4. Nf3 O-O 5. O-O d5 6. b3 b6 7. Bb2 Bb7 8. d3
c5 9. cxd5 Nxd5 10. Nbd2 Bf6 11. Qc1 Bxb2 12. Qxb2 Qf6 13. Qxf6 Nxf6 14.
Rfc1 Nbd7 15. a3 Rfc8 16. Nc4 Rc7 17. Nd6 Rb8 18. b4 Kf8 19. Nb5 Rcc8 20.
Nxa7 Rd8 21. Nb5 cxb4 22. axb4 Nd5 23. Rab1 Ba6 24. Nbd4 Rdc8 25. Nc6 Ra8
26. b5 Bb7 27. Nfd4 Ra2 28. Bxd5 exd5 29. Ra1 Rb2 30. Ra7 Rc7 31. Rca1 g6
32. Nd8 Nc5 33. Rc1 Rb4 34. Nxb7 Rxb7 35. Ra8+ Kg7 36. e3 Nxd3 37. Rcc8 Ne5
38. Rg8+ Kf6 39. Rad8 Rd7 40. Rxd7 Nxd7 41. Rd8 Rb1+ 42. Kg2 Ke7 43. Nc6+
Ke6 44. Re8+ Kd6 45. Na7 Ne5 46. Nc8+ Kd7 47. Rxe5 Kxc8 48. Rxd5 Kc7 49. h4
Rb4 50. h5 gxh5 51. Rxh5 Kd6 52. Rxh7 Rxb5 53. Rxf7 Rb1 54. Rf8 b5 55. Rd8+
Kc6 56. g4 b4 57. g5 b3 58. g6 b2 59. Rb8 Kd6 60. g7 Rd1 61. Rxb2 Rb1
{Black resigns}
1-0

[Event "ICC Open 2015"]
[Site "Internet Chess Club"]
[Date "2015.05.30"]
[Round "7"]
[White "RafaNadal"]
[Black "Red-white"]
[Result "0-1"]
[ICCResult "White resigns"]
[WhiteElo "2823"]
[BlackElo "3103"]
[Opening "Scotch: Schmidt variation"]
[ECO "C45"]
[NIC "SO.04"]
[Time "20:08:32"]
[TimeControl "180+0"]

1. e4 e5 2. Nf3 Nc6 3. d4 exd4 4. Nxd4 Nf6 5. Nxc6 bxc6 6. Qe2 Bb4+ 7. Bd2
Bxd2+ 8. Nxd2 O-O 9. O-O-O Re8 10. f4 d6 11. Qc4 Rb8 12. e5 dxe5 13. fxe5
Be6 14. Qxc6 Qd4 15. Nb3 Qxe5 16. Bd3 a5 17. Qa4 Qg5+ 18. Kb1 Qxg2 19. Rhg1
Qxh2 20. Qxa5 h6 21. Qc3 Ng4 22. Nc5 Bc8 23. Ne4 Qe5 24. Qxe5 Rxe5 25. Be2
Bf5 26. Bxg4 Bxe4 27. Rd7 h5 28. Bh3 c5 29. Rc7 Bf5 30. Bxf5 Rxf5 31. a4 h4
32. a5 Ra8 33. Rh1 g5 34. Re1 Rxa5 35. c3 Kg7 36. Kc2 Ra6 37. Kd3 Rg6 38.
Ke4 Rf4+ 39. Kd3 Rd6+ 40. Kc2 Rf5 41. Rg1 h3 42. Rg3 Rh6 43. Rg1 h2 44. Rh1
g4 45. Rd7 g3 46. Rd2 Rf2 47. Rxf2 gxf2 {White resigns} 0-1

[Event "ICC Open 2015"]
[Site "Internet Chess Club"]
[Date "2015.05.30"]
[Round "7"]
[White "RobbieWilliams"]
[Black "fallingstar100"]
[Result "1-0"]
[ICCResult "Black resigns"]
[WhiteElo "1773"]
[BlackElo "1518"]
[Opening "Queen's pawn: stonewall attack"]
[ECO "D00"]
[NIC "QP.08"]
[Time "20:06:30"]
[TimeControl "180+0"]

1. d4 d5 2. e3 Nf6 3. Bd3 Bg4 4. f3 Bh5 5. Ne2 Nbd7 6. f4 c5 7. c3 e6 8. O-O
Be7 9. Nd2 Ng4 10. Nf3 O-O 11. Ne5 f6 12. Nxg4 Bxg4 13. Qc2 h6 14. b3 e5 15.
h3 e4 16. hxg4 exd3 17. Qxd3 Rc8 18. Ng3 Nb6 19. Nh5 Qd7 20. Qg6 Rf7 21. Rf3
cxd4 22. exd4 Rc6 23. f5 Qc7 24. Bxh6 Rxc3 25. Bxg7 Rxf3 26. Bxf6+ Kf8 27.
Bg7+ Ke8 28. gxf3 Qc3 29. Rf1 Qe3+ 30. Kg2 Qe2+ 31. Rf2 Qe3 32. Be5 Qg5 33.
Ng7+ Kf8 34. Ne6+ Ke8 35. Nxg5 {Black resigns} 1-0

[Event "ICC Open 2015"]
[Site "Internet Chess Club"]
[Date "2015.05.30"]
[Round "8"]
[White "TravisMcGee"]
[Black "Huemul"]
[Result "1-0"]
[ICCResult "Black resigns"]
[WhiteElo "1579"]
[BlackElo "1310"]
[Opening "Queen's pawn, Mason variation"]
[ECO "D00"]
[NIC "QP.08"]
[Time "20:14:59"]
[TimeControl "180+0"]

1. d4 d5 2. Bf4 c6 3. Nf3 Nd7 4. e3 e6 5. Bd3 Be7 6. O-O Ngf6 7. Nbd2 b6 8.
c3 Bb7 9. h3 O-O 10. Qe2 Re8 11. Rfd1 Bf8 12. Rac1 Nh5 13. Bh2 Ndf6 14. g4
Bd6 15. gxh5 Bxh2+ 16. Nxh2 Nxh5 17. Qxh5 g6 18. Qg4 Bc8 19. Qg2 Qf6 20.
Ndf3 e5 21. Nxe5 Rxe5 22. dxe5 Qxe5 23. Nf3 Qg7 24. e4 Be6 25. exd5 Bxd5 26.
c4 Re8 27. cxd5 {Black resigns} 1-0

[Event "ICC Open 2015"]
[Site "Internet Chess Club"]
[Date "2015.05.30"]
[Round "8"]
[White "gmgattass"]
[Black "jjosu"]
[Result "1-0"]
[ICCResult "Black resigns"]
[WhiteElo "2287"]
[BlackElo "2185"]
[Opening "Sicilian defense"]
[ECO "B40"]
[NIC "SI.43"]
[Time "20:14:57"]
[TimeControl "180+0"]

1. e4 c5 2. Nf3 e6 3. c3 Nf6 4. e5 Nd5 5. d4 cxd4 6. Nxd4 b6 7. c4 Nb4 8.
Nb5 Bb7 9. a3 N4c6 10. Bf4 Na6 11. N1c3 Be7 12. Qg4 g6 13. h4 h5 14. Qg3 Nc5
15. b4 Nb3 16. Rd1 a6 17. Nd6+ Bxd6 18. Rxd6 Nbd4 19. Bd3 Nf5 20. Bxf5 exf5
21. Nd5 Bc8 22. Bg5 {Black resigns} 1-0

[Event "ICC Open 2015"]
[Site "Internet Chess Club"]
[Date "2015.05.30"]
[Round "8"]
[White "krankenstein"]
[Black "Immortal-Man"]
[Result "0-1"]
[ICCResult "White resigns"]
[WhiteElo "1153"]
[BlackElo "1522"]
[Opening "Queen's pawn"]
[ECO "A40"]
[NIC "QO.17"]
[Time "20:15:26"]
[TimeControl "180+0"]

1. d4 e6 2. a3 f5 3. Nc3 Nf6 4. h3 b6 5. Bf4 Bb7 6. e3 g6 7. Nf3 Bg7 8. Ne5
d6 9. Nf3 Nbd7 10. Bd3 O-O 11. Bg3 Ne4 12. Bh2 e5 13. d5 Nxc3 14. bxc3 e4
15. Be2 exf3 16. Bxf3 Bxc3+ 17. Ke2 Bxa1 18. Qxa1 Qf6 19. c3 Ba6+ 20. Kd2
Nc5 21. Be2 Nb3+ 22. Ke1 Nxa1 23. Bxa6 Qxc3+ {White resigns} 0-1

[Event "ICC Open 2015"]
[Site "Internet Chess Club"]
[Date "2015.05.30"]
[Round "8"]
[White "GGuseinov"]
[Black "Bacunamatata"]
[Result "0-1"]
[ICCResult "White resigns"]
[WhiteElo "2999"]
[BlackElo "2886"]
[Opening "Ruy Lopez: exchange variation, 5.O-O"]
[ECO "C68"]
[NIC "RL.08"]
[Time "20:16:03"]
[TimeControl "180+0"]

1. e4 e5 2. Nf3 Nc6 3. Bb5 a6 4. Bxc6 dxc6 5. O-O Bd6 6. d4 exd4 7. Qxd4 f6
8. Be3 Ne7 9. Nbd2 Be6 10. Rfd1 Ng6 11. Nc4 Bxc4 12. Qxc4 Qe7 13. Re1 O-O-O
14. Rad1 Rhe8 15. Bc1 Kb8 16. g3 Qd7 17. Kg2 Qg4 18. h3 Qxf3+ {White
resigns} 0-1

[Event "ICC Open 2015"]
[Site "Internet Chess Club"]
[Date "2015.05.30"]
[Round "8"]
[White "Gruble"]
[Black "ncc-1701"]
[Result "1-0"]
[ICCResult "Black checkmated"]
[WhiteElo "1810"]
[BlackElo "1981"]
[Opening "Sicilian: dragon variation"]
[ECO "B70"]
[NIC "SI.15"]
[Time "20:15:13"]
[TimeControl "180+0"]

1. e4 c5 2. Nf3 d6 3. d4 cxd4 4. Nxd4 Nf6 5. Nc3 g6 6. Bg5 Bg7 7. Bb5+ Bd7
8. Qe2 O-O 9. O-O-O Nc6 10. Bxc6 bxc6 11. e5 Nd5 12. Nxd5 Bxe5 13. Nxe7+ Kg7
14. f4 Bxd4 15. Rxd4 Qb6 16. Qd2 f6 17. Rxd6 Bf5 18. Qc3 Rf7 19. Nxf5+ gxf5
20. Rxf6 Rxf6 21. Qxf6+ Kg8 22. Qe6+ Kg7 23. Bf6+ Kf8 24. Qe7+ Kg8 25. Qg7#
{Black checkmated}
1-0

[Event "ICC Open 2015"]
[Site "Internet Chess Club"]
[Date "2015.05.30"]
[Round "8"]
[White "rookfish"]
[Black "TheLoneKing1"]
[Result "0-1"]
[ICCResult "White resigns"]
[WhiteElo "1172"]
[BlackElo "1870"]
[Opening "French defense"]
[ECO "C00"]
[NIC "FR.01"]
[Time "20:15:13"]
[TimeControl "180+0"]

1. e4 e6 2. Nf3 d5 3. exd5 exd5 4. d4 Nf6 5. Bd3 Bd6 6. O-O O-O 7. Nc3 c6 8.
Ne2 Bg4 9. Bf4 Re8 10. Bxd6 Qxd6 11. Ng3 Nbd7 12. h3 Bxf3 13. Qxf3 Re7 14.
Nf5 Qb4 15. Qg4 Nxg4 16. Nxe7+ Qxe7 17. Bf5 Ngf6 18. g4 Qb4 19. c3 Qxb2 20.
Rab1 Qxc3 21. Rxb7 Nb6 22. g5 Ne4 23. Rxf7 Kxf7 24. g6+ hxg6 25. Bg4 Qxd4
26. Kh1 Nc4 27. f3 Ng3+ {White resigns} 0-1

[Event "ICC Open 2015"]
[Site "Internet Chess Club"]
[Date "2015.05.30"]
[Round "8"]
[White "Dark-Magician"]
[Black "ibarra"]
[Result "0-1"]
[ICCResult "White resigns"]
[WhiteElo "2377"]
[BlackElo "2755"]
[Opening "Sicilian defense"]
[ECO "B41"]
[NIC "SI.41"]
[Time "20:15:46"]
[TimeControl "180+0"]

1. e4 c5 2. Nf3 e6 3. d4 cxd4 4. Nxd4 Bc5 5. Nb3 Bb6 6. Nc3 Ne7 7. Bd3 O-O
8. O-O f5 9. Qe2 f4 10. Kh1 f3 11. gxf3 Ng6 12. Be3 Nc6 13. Rg1 Bc7 14. Nd2
Qh4 15. Rg2 a6 16. Rag1 Rf7 17. Nf1 Bf4 18. Rg4 Qh6 19. Ng3 Nce5 20. Nd1
Nxg4 21. fxg4 b5 22. Nh5 Bxe3 23. Nxe3 Nf4 24. Nxf4 Qxf4 25. Rg3 Qxf2 26.
Qxf2 Rxf2 27. Nd1 Rf4 28. Kg2 Bb7 29. Nf2 Raf8 30. Nh3 Bxe4+ 31. Bxe4 Rxe4
32. Rd3 Rxg4+ {White resigns} 0-1

[Event "ICC Open 2015"]
[Site "Internet Chess Club"]
[Date "2015.05.30"]
[Round "8"]
[White "NachoAverageKid"]
[Black "Kastor"]
[Result "0-1"]
[ICCResult "White resigns"]
[WhiteElo "2228"]
[BlackElo "2874"]
[Opening "Sicilian: closed"]
[ECO "B23"]
[NIC "SI.44"]
[Time "20:15:51"]
[TimeControl "180+0"]

1. e4 c5 2. Nc3 d6 3. Bb5+ Bd7 4. Bxd7+ Qxd7 5. d3 Nc6 6. f4 g6 7. Nf3 Bg7
8. O-O e6 9. Bd2 Nge7 10. Qe1 h6 11. Qh4 f5 12. Rae1 O-O 13. Qg3 Kh7 14. Nd1
d5 15. e5 d4 16. Qf2 Nd5 17. Kh1 Rg8 18. c3 dxc3 19. bxc3 Bf8 20. Ne3 Nxf4
21. Nxf5 Nxd3 22. Qh4 gxf5 23. Ng5+ Rxg5 24. Bxg5 Nxe1 25. Rxe1 {White
resigns} 0-1

[Event "ICC Open 2015"]
[Site "Internet Chess Club"]
[Date "2015.05.30"]
[Round "8"]
[White "Redbaron"]
[Black "Darnoc"]
[Result "0-1"]
[ICCResult "White resigns"]
[WhiteElo "2445"]
[BlackElo "2984"]
[Opening "French: advance, Euwe variation"]
[ECO "C02"]
[NIC "FR.03"]
[Time "20:15:51"]
[TimeControl "180+0"]

1. e4 e6 2. d4 d5 3. e5 c5 4. c3 Nc6 5. Nf3 Bd7 6. a3 f6 7. exf6 Nxf6 8. Bd3
Bd6 9. O-O O-O 10. dxc5 Bxc5 11. b4 Bd6 12. c4 Ne5 13. Bb2 Nxf3+ 14. Qxf3
dxc4 15. Bxc4 Qc7 16. Rc1 Bxh2+ 17. Kh1 Qf4 18. Qxf4 Bxf4 19. Rd1 Rac8 20.
Rxd7 Rxc4 21. Rd4 Rxd4 22. Bxd4 Rd8 23. g3 Rxd4 24. gxf4 Rd1+ 25. Kg2 Nd5
{White resigns}
0-1

[Event "ICC Open 2015"]
[Site "Internet Chess Club"]
[Date "2015.05.30"]
[Round "8"]
[White "Ohanessian"]
[Black "Acerook"]
[Result "1-0"]
[ICCResult "Black resigns"]
[WhiteElo "2036"]
[BlackElo "1888"]
[Opening "French: Tarrasch, closed variation"]
[ECO "C05"]
[NIC "FR.16"]
[Time "20:14:58"]
[TimeControl "180+0"]

1. e4 e6 2. d4 d5 3. Nd2 Nf6 4. e5 Nfd7 5. c4 c5 6. cxd5 exd5 7. Ngf3 Nc6 8.
Bb5 Nxd4 9. Nxd4 cxd4 10. O-O a6 11. Bd3 Be7 12. Nf3 Nb6 13. Nxd4 Be6 14.
Nxe6 fxe6 15. Qh5+ g6 16. Bxg6+ hxg6 17. Qxh8+ Kd7 18. Qxd8+ Rxd8 19. Be3
Nc4 20. Bd4 b5 21. b3 Nd2 22. Rfc1 Rf8 23. f3 Rxf3 24. gxf3 Nxf3+ 25. Kg2
Nxd4 26. a4 b4 27. Rab1 Bg5 28. Rf1 Nc2 29. Rf7+ Kc6 30. Rg7 Ne3+ 31. Kf3
Nf5 32. Rg8 Bd2 33. Rg1 g5 34. R8xg5 Bxg5 35. Rxg5 Nd4+ 36. Ke3 Nxb3 37. h4
Nc5 38. h5 b3 39. h6 b2 40. Rg1 Nxa4 41. h7 Nc3 42. h8=Q b1=Q 43. Rxb1 Nxb1
44. Qc8+ Kb5 45. Qb8+ Kc4 46. Qxb1 d4+ 47. Ke4 {Black resigns} 1-0

[Event "ICC Open 2015"]
[Site "Internet Chess Club"]
[Date "2015.05.30"]
[Round "8"]
[White "chessdjw"]
[Black "Borknagar"]
[Result "1-0"]
[ICCResult "Black resigns"]
[WhiteElo "2334"]
[BlackElo "1937"]
[Opening "Réti: King's Indian attack (Barcza system)"]
[ECO "A07"]
[NIC "QP.09"]
[Time "20:15:03"]
[TimeControl "180+0"]

1. Nf3 d5 2. g3 Nf6 3. Bg2 g6 4. b3 Bg7 5. Bb2 c6 6. O-O O-O 7. c4 Nbd7 8.
d4 e6 9. Nbd2 b6 10. Qc2 Bb7 11. Rad1 Rc8 12. e4 dxe4 13. Nxe4 c5 14. Nd6
Qc7 15. Nxc8 Qxc8 16. dxc5 Nxc5 17. Rfe1 Nfe4 18. Bxg7 Kxg7 19. Ne5 Nf6 20.
Bxb7 Qxb7 21. Qc3 Nce4 22. Rxe4 Qxe4 23. Nd7 Qe2 24. Qxf6+ Kg8 25. Qd4 Re8
26. Nf6+ {Black resigns} 1-0

[Event "ICC Open 2015"]
[Site "Internet Chess Club"]
[Date "2015.05.30"]
[Round "8"]
[White "MasterZachary"]
[Black "Osya"]
[Result "1-0"]
[ICCResult "Black resigns"]
[WhiteElo "2198"]
[BlackElo "1873"]
[Opening "two knights: Max Lange attack"]
[ECO "C55"]
[NIC "IG.01"]
[Time "20:15:02"]
[TimeControl "180+0"]

1. e4 e5 2. Nf3 Nc6 3. Bc4 Nf6 4. O-O Bc5 5. d4 exd4 6. e5 d5 7. exf6 dxc4
8. fxg7 Rg8 9. Bg5 Qd5 10. Re1+ Be6 11. Nc3 Qd7 12. Ne4 Be7 13. Nf6+ Bxf6
14. Bxf6 Ne7 15. Ne5 Qd5 16. Qh5 Ng6 17. Qxh7 Nxe5 18. Rxe5 Qc6 19. Qxg8+
Kd7 20. Qxa8 {Black resigns} 1-0

[Event "ICC Open 2015"]
[Site "Internet Chess Club"]
[Date "2015.05.30"]
[Round "8"]
[White "TheLlamaLord"]
[Black "zelog"]
[Result "0-1"]
[ICCResult "White resigns"]
[WhiteElo "1651"]
[BlackElo "2080"]
[Opening "Benkö gambit: main line"]
[ECO "A59"]
[NIC "BI.45"]
[Time "20:15:09"]
[TimeControl "180+0"]

1. d4 Nf6 2. c4 c5 3. d5 b5 4. cxb5 a6 5. bxa6 Bxa6 6. Nc3 d6 7. e4 Bxf1 8.
Kxf1 g6 9. g3 Bg7 10. Kg2 O-O 11. Nf3 Nbd7 12. Rb1 Ra6 13. b3 Qa8 14. Na4 e6
15. dxe6 fxe6 16. Re1 Nxe4 17. Qe2 d5 18. Ba3 h6 19. Nd2 Rxf2+ 20. Qxf2 Nxf2
21. Kxf2 Bd4+ 22. Kg2 e5 23. Nf3 e4 24. Nxd4 cxd4 25. Rbd1 d3 26. Rf1 Ne5
27. Bc5 Rxa4 28. bxa4 Qxa4 29. Rf8+ Kg7 30. Rb1 Qxa2+ 31. Rf2 Qxb1 32. Bd4
Qb8 33. h4 h5 34. Rd2 Kg8 35. Be3 Ng4 36. Rd1 Nxe3+ {White resigns} 0-1

[Event "ICC Open 2015"]
[Site "Internet Chess Club"]
[Date "2015.05.30"]
[Round "8"]
[White "Garpun"]
[Black "ural"]
[Result "1-0"]
[ICCResult "Black resigns"]
[WhiteElo "2752"]
[BlackElo "2363"]
[Opening "Queen's pawn, Mason variation"]
[ECO "D00"]
[NIC "QP.08"]
[Time "20:15:53"]
[TimeControl "180+0"]

1. d4 d5 2. Bf4 e6 3. e3 c5 4. c3 Nc6 5. Nd2 Bd6 6. Bg3 Nf6 7. Ngf3 O-O 8.
Bd3 a6 9. Ne5 Qe7 10. f4 Bd7 11. Bh4 b5 12. O-O b4 13. Bxf6 gxf6 14. Bxh7+
Kxh7 15. Qh5+ Kg7 16. Qg4+ {Black resigns} 1-0

[Event "ICC Open 2015"]
[Site "Internet Chess Club"]
[Date "2015.05.30"]
[Round "8"]
[White "supermouse"]
[Black "sahilmd"]
[Result "1-0"]
[ICCResult "Black resigns"]
[WhiteElo "2695"]
[BlackElo "2050"]
[Opening "Grünfeld: 5.e3"]
[ECO "D94"]
[NIC "QP.11"]
[Time "20:15:13"]
[TimeControl "180+0"]

1. Nf3 Nf6 2. e3 g6 3. d4 Bg7 4. c4 d5 5. Nc3 c6 6. h3 O-O 7. Bd3 Re8 8. O-O
Nbd7 9. cxd5 cxd5 10. b3 Nb6 11. a4 a5 12. Ba3 Bd7 13. Rc1 Rc8 14. Qd2 Be6
15. Nb5 Qd7 16. Qxa5 Bxh3 17. Ne5 Qe6 18. Nc7 Rxc7 19. Rxc7 Ra8 20. Qc5 Nfd7
21. Qxe7 Nxe5 22. dxe5 Bxe5 23. Rxb7 Bf5 24. Qxe6 fxe6 25. Bxf5 gxf5 26.
Rxb6 Bc3 27. Rxe6 Rc8 28. Rc1 d4 29. exd4 Bxd4 30. Rxc8+ Kf7 {Black resigns}
1-0

[Event "ICC Open 2015"]
[Site "Internet Chess Club"]
[Date "2015.05.30"]
[Round "8"]
[White "fallingstar100"]
[Black "jewels2"]
[Result "0-1"]
[ICCResult "White checkmated"]
[WhiteElo "1495"]
[BlackElo "1367"]
[Opening "Four knights: Italian variation"]
[ECO "C55"]
[NIC "IG.01"]
[Time "20:15:52"]
[TimeControl "180+0"]

1. e4 e5 2. Nf3 Nc6 3. Bc4 Nf6 4. Nc3 Bb4 5. d4 Nxe4 6. O-O Nxc3 7. bxc3
Bxc3 8. Rb1 Bxd4 9. Nxd4 Nxd4 10. Re1 d6 11. c3 Nc6 12. f4 O-O 13. fxe5 Nxe5
14. Bd5 c6 15. Bb3 Qh4 16. Qxd6 Qxe1# {White checkmated} 0-1

[Event "ICC Open 2015"]
[Site "Internet Chess Club"]
[Date "2015.05.30"]
[Round "8"]
[White "Chaos23"]
[Black "Yummyhat"]
[Result "1-0"]
[ICCResult "Black resigns"]
[WhiteElo "2023"]
[BlackElo "1776"]
[Opening "Réti: advance variation"]
[ECO "A09"]
[NIC "RE.16"]
[Time "20:18:05"]
[TimeControl "180+0"]

1. Nf3 d5 2. c4 d4 3. e3 c5 4. b4 cxb4 5. exd4 Nf6 6. a3 bxa3 7. Bxa3 Bf5 8.
Be2 Nc6 9. d5 Nb8 10. O-O g6 11. Nd4 Bd7 12. Re1 Bg7 13. d6 O-O 14. dxe7
{Black resigns}
1-0

[Event "ICC Open 2015"]
[Site "Internet Chess Club"]
[Date "2015.05.30"]
[Round "8"]
[White "cristoforo"]
[Black "Kyekerz"]
[Result "1-0"]
[ICCResult "Black checkmated"]
[WhiteElo "1439"]
[BlackElo "1230"]
[Opening "Queen's pawn game"]
[ECO "D00"]
[NIC "QP.08"]
[Time "20:14:59"]
[TimeControl "180+0"]

1. d4 d5 2. e3 c5 3. c3 cxd4 4. exd4 Nc6 5. f4 e6 6. Nf3 Nf6 7. Bd3 g6 8.
Nbd2 Bh6 9. g3 Ng4 10. Ne5 Ncxe5 11. fxe5 Qf6 12. Qxg4 Qe7 13. Nf3 f5 14.
Bxh6 fxg4 15. Nh4 g5 16. Ng2 Rg8 17. O-O Bd7 18. Rf6 O-O-O 19. Ne3 a6 20.
Nxg4 Bb5 21. Bxb5 axb5 22. Raf1 Rg6 23. Rf7 Qe8 24. Bg7 Rxg7 25. Rxg7 Qh8
26. Rff7 Rf8 27. Rc7+ Kd8 28. Rgd7+ Ke8 29. Nf6+ Rxf6 30. exf6 Qxf6 31. Rxh7
Qf8 32. Rc8# {Black checkmated} 1-0

[Event "ICC Open 2015"]
[Site "Internet Chess Club"]
[Date "2015.05.30"]
[Round "8"]
[White "Pikaso"]
[Black "fito"]
[Result "1-0"]
[ICCResult "Black resigns"]
[WhiteElo "2851"]
[BlackElo "2355"]
[Opening "Sicilian"]
[ECO "B50"]
[NIC "SI.01"]
[Time "20:15:04"]
[TimeControl "180+0"]

1. e4 c5 2. Nf3 d6 3. c3 Nf6 4. Be2 Nc6 5. d4 cxd4 6. cxd4 e6 7. Nc3 Be7 8.
O-O O-O 9. d5 Nb8 10. dxe6 fxe6 11. Qb3 Kh8 12. Rd1 a6 13. e5 Ne8 14. exd6
Nxd6 15. Ne4 Qc7 16. Neg5 Rf6 17. Be3 Nc6 18. Bb6 Qd7 19. Qc2 g6 20. Ne4 Rf5
21. Bc5 Rd5 22. Qc3+ Kg8 23. Rxd5 exd5 24. Bxd6 dxe4 25. Bc4+ {Black
resigns} 1-0

[Event "ICC Open 2015"]
[Site "Internet Chess Club"]
[Date "2015.05.30"]
[Round "8"]
[White "blackjack721"]
[Black "tmunagala"]
[Result "0-1"]
[ICCResult "White forfeits on time"]
[WhiteElo "1462"]
[BlackElo "1818"]
[Opening "KP: Nimzovich defense"]
[ECO "B00"]
[NIC "VO.04"]
[Time "20:14:55"]
[TimeControl "180+0"]

1. e4 Nc6 2. c3 f5 3. Bd3 fxe4 4. Bxe4 Nf6 5. Bf3 e5 6. d4 e4 7. Be2 d5 8.
Bg5 Bd6 9. f3 Bf5 10. fxe4 dxe4 11. g4 Bg6 12. Qb3 Rb8 13. Bc4 Qe7 14. Nd2
Na5 15. Qa4+ Nc6 16. Bb5 O-O 17. O-O-O e3 18. Ndf3 h6 19. Bxf6 Qxf6 20. h4
Bf4 21. Bc4+ Kh8 22. Ne2 Rbe8 23. g5 Qf5 24. Bd3 Qe6 25. Bxg6 Qxg6 26. h5
Qe4 27. gxh6 Bxh6 {White forfeits on time} 0-1

[Event "ICC Open 2015"]
[Site "Internet Chess Club"]
[Date "2015.05.30"]
[Round "8"]
[White "cap78red"]
[Black "ROWLAND"]
[Result "0-1"]
[ICCResult "White checkmated"]
[WhiteElo "1440"]
[BlackElo "1672"]
[Opening "English opening"]
[ECO "A16"]
[NIC "EO.64"]
[Time "20:15:41"]
[TimeControl "180+0"]

1. c4 Nf6 2. Nc3 g6 3. e4 d6 4. d3 Bg7 5. f4 O-O 6. Nf3 Nc6 7. Be2 Bg4 8.
O-O e5 9. f5 Bxf3 10. Bxf3 Nd7 11. Nd5 Nd4 12. g4 c6 13. f6 Nxf6 14. Nxf6+
Bxf6 15. Bh6 Bg7 16. g5 Qd7 17. Bg4 Qc7 18. Rf6 Qb6 19. Kh1 Bxf6 20. gxf6
Qxb2 21. Bxf8 Rxf8 22. Rb1 Qxa2 23. Rxb7 a5 24. Qc1 Qf2 25. Bf5 Qf3+ 26. Kg1
Ne2# {White checkmated} 0-1

[Event "ICC Open 2015"]
[Site "Internet Chess Club"]
[Date "2015.05.30"]
[Round "8"]
[White "Piranha"]
[Black "bennywins"]
[Result "1-0"]
[ICCResult "Black checkmated"]
[WhiteElo "1690"]
[BlackElo "1167"]
[Opening "Scandinavian: Marshall variation"]
[ECO "B01"]
[NIC "SD.03"]
[Time "20:15:55"]
[TimeControl "180+0"]

1. e4 d5 2. exd5 Nf6 3. d4 Nxd5 4. c4 Nb6 5. Nc3 Be6 6. d5 Bf5 7. Be3 e6 8.
Qb3 exd5 9. cxd5 c6 10. O-O-O Qc7 11. Bc4 Nxc4 12. Qxc4 Bd6 13. Nf3 O-O 14.
Nd4 Bd7 15. dxc6 Nxc6 16. Ndb5 Be5 17. Nxc7 Bxc3 18. Qxc3 Rfc8 19. Rxd7 Rxc7
20. Rxc7 Nb4 21. Qxb4 Rf8 22. Qe7 Re8 23. Qxf7+ Kh8 24. Qxg7# {Black
checkmated} 1-0